1823 views
Uploaded 2023-01-31 19:29:27
Game version 1.35 (6115)
27:16 long 3on3 ladder game on (6)StranglethornVale
Saved by Cabeelibob
1823 views
Uploaded 2023-01-31 19:29:27
Game version 1.35 (6115)
27:16 long 3on3 ladder game on (6)StranglethornVale


85 units @ 7.6k
/ 0.9k
124 buildings @ 9.7k
/ 5k
GIGA
(207)
(27:15) : 
| Healing Salve | 1 | 100 |
| Lesser Clarity Potion | 3 | 210 |
| Orb of Lightning | 1 | 375 |
| Potion of Mana | 1 | 200 |
| Tiny Great Hall | 1 | 600 |
| Boots of Speed | 1 | 250 |
| Staff of Teleportation | 1 | 150 |
| total: | 9 | 1885g |
| Peon | 16 | 1200 | / | 0 |
| Troll Witch Doctor | 5 | 725 | / | 125 |
| Shaman | 2 | 260 | / | 40 |
| total: | 23 | 2185g | / | 165w |
| Watch Tower | 16 | 1760 | / | 1280 |
| Altar of Storms | 1 | 180 | / | 50 |
| Orc Burrow | 3 | 480 | / | 120 |
| War Mill | 1 | 205 | / | 0 |
| Voodoo Lounge | 1 | 130 | / | 30 |
| Spirit Lodge | 2 | 300 | / | 300 |
| Stronghold | 1 | 315 | / | 190 |
| Fortress | 1 | 325 | / | 190 |
| total: | 24 | 3055g | / | 1780w |
| 0:04 | Peon |
| 0:04 | Peon |
| 0:04 | Peon |
| 0:08 | Altar of Storms |
| 0:11 | Orc Burrow |
| 0:34 | Peon |
| 0:50 | Peon |
| 0:54 | War Mill |
| 1:06 | Voodoo Lounge |
| 1:07 | Peon |
| 1:17 | Peon |
| 1:39 | Peon |
| 1:39 | Peon |
| 1:48 | Orc Burrow |
| 1:53 | Peon |
| 2:09 | Healing Salve |
| 2:09 | Lesser Clarity Potion |
| 2:18 | Peon |
| 2:18 | Peon |
| 2:22 | Wind Walk |
| 2:25 | Peon |
| 2:44 | Peon |
| 2:45 | Peon |
| 2:49 | Peon |
| 4:54 | Stronghold |
| 6:11 | Orc Burrow |
| 6:35 | Boots of Speed |
| 6:36 | Staff of Teleportation |
| 7:06 | Spiked Barricades |
| 7:16 | Fortress |
| 7:19 | Spirit Lodge |
| 7:23 | Watch Tower |
| 7:28 | Watch Tower |
| 7:51 | Critical Strike |
| 8:18 | Watch Tower |
| 8:24 | Watch Tower |
| 8:49 | Spirit Lodge |
| 9:28 | Reinforced Defenses |
| 9:47 | Watch Tower |
| 11:27 | Witch Doctor Adept Training |
| 11:44 | Orb of Lightning |
| 12:35 | Watch Tower |
| 12:36 | Watch Tower |
| 12:40 | Watch Tower |
| 13:39 | Witch Doctor Master Training |
| 13:39 | Troll Witch Doctor |
| 13:39 | Troll Witch Doctor |
| 14:49 | Watch Tower |
| 14:52 | Watch Tower |
| 15:10 | Watch Tower |
| 15:42 | Shaman |
| 15:43 | Shaman |
| 16:38 | Wind Walk |
| 17:21 | Critical Strike |
| 18:44 | Troll Witch Doctor |
| 18:45 | Troll Witch Doctor |
| 18:51 | Shaman Adept Training |
| 18:56 | Watch Tower |
| 19:22 | Watch Tower |
| 19:26 | Watch Tower |
| 19:27 | Improved Spiked Barricades |
| 19:30 | Critical Strike |
| 22:49 | Shaman Master Training |
| 22:50 | Troll Witch Doctor |
| 22:58 | Bladestorm |
| 23:11 | Potion of Mana |
| 23:14 | Lesser Clarity Potion |
| 23:33 | Tiny Great Hall |
| 24:06 | Watch Tower |
| 24:06 | Watch Tower |
| 25:40 | Divine Shield |
| 25:40 | Holy Light |
| 25:46 | Holy Light |
| 26:07 | Lesser Clarity Potion |
| Right click | 1842 |
| Select | 330 |
| Select group | 123 |
| Build/train/purchase | 96 |
| Resource trade | 72 |
| Use ability | 23 |
| Minimap ping | 20 |
| Assign group | 7 |
| Misc. action | 6 |
| Esc | 3 |
| Item give/drop | 1 |


| Peasant | 17 | 1275 | / | 0 |
| total: | 17 | 1275g | / | 0w |
| Scout Tower | 27 | 810 | / | 540 |
| Guard Tower | 14 | 980 | / | 700 |
| Arcane Tower | 3 | 210 | / | 150 |
| Altar of Kings | 2 | 360 | / | 100 |
| Farm | 4 | 320 | / | 80 |
| Lumber Mill | 1 | 120 | / | 0 |
| Blacksmith | 2 | 280 | / | 120 |
| Arcane Vault | 1 | 130 | / | 30 |
| Town Hall | 1 | 385 | / | 205 |
| Gryphon Aviary | 1 | 140 | / | 150 |
| Keep | 2 | 640 | / | 420 |
| total: | 39 | 2545g | / | 1225w |
| 0:07 | Altar of Kings |
| 0:10 | Farm |
| 0:15 | Peasant |
| 0:24 | Peasant |
| 0:30 | Peasant |
| 0:36 | Peasant |
| 0:47 | Peasant |
| 0:55 | Lumber Mill |
| 1:01 | Peasant |
| 1:19 | Peasant |
| 1:33 | Peasant |
| 1:42 | Peasant |
| 2:04 | Improved Lumber Harvesting |
| 2:05 | Peasant |
| 2:10 | Farm |
| 2:27 | Storm Bolt |
| 2:30 | Peasant |
| 2:39 | Peasant |
| 3:07 | Scout Tower |
| 3:21 | Improved Masonry |
| 3:22 | Keep |
| 3:26 | Peasant |
| 3:26 | Peasant |
| 3:26 | Peasant |
| 3:37 | Scout Tower |
| 3:37 | Scout Tower |
| 3:40 | Scout Tower |
| 3:40 | Scout Tower |
| 4:03 | Scout Tower |
| 4:08 | Scout Tower |
| 4:08 | Scout Tower |
| 4:11 | Guard Tower |
| 4:13 | Guard Tower |
| 4:25 | Arcane Tower |
| 4:28 | Peasant |
| 4:28 | Peasant |
| 4:31 | Farm |
| 4:34 | Guard Tower |
| 4:46 | Guard Tower |
| 4:51 | Scout Tower |
| 4:52 | Scout Tower |
| 4:56 | Scout Tower |
| 4:57 | Scout Tower |
| 5:03 | Keep |
| 5:13 | Scout Tower |
| 5:19 | Scout Tower |
| 5:20 | Scout Tower |
| 5:26 | Guard Tower |
| 5:31 | Scout Tower |
| 5:34 | Scout Tower |
| 5:50 | Guard Tower |
| 5:52 | Scout Tower |
| 5:58 | Scout Tower |
| 6:04 | Guard Tower |
| 6:08 | Scout Tower |
| 6:10 | Guard Tower |
| 6:12 | Scout Tower |
| 6:17 | Scout Tower |
| 6:23 | Scout Tower |
| 6:30 | Guard Tower |
| 6:33 | Blacksmith |
| 6:37 | Blacksmith |
| 6:45 | Arcane Vault |
| 6:48 | Guard Tower |
| 6:52 | Guard Tower |
| 6:58 | Scout Tower |
| 7:01 | Scout Tower |
| 7:06 | Guard Tower |
| 7:21 | Guard Tower |
| 7:26 | Scout Tower |
| 7:30 | Guard Tower |
| 7:36 | Scout Tower |
| 7:37 | Arcane Tower |
| 7:43 | Altar of Kings |
| 8:11 | Arcane Tower |
| 8:34 | Gryphon Aviary |
| 9:26 | Town Hall |
| 9:40 | Holy Light |
| 21:06 | Farm |
| Right click | 884 |
| Select group | 619 |
| Select | 219 |
| Build/train/purchase | 50 |
| Assign group | 14 |
| Resource trade | 14 |
| Chat | 12 |
| Misc. action | 9 |
| Remove unit | 6 |
| Minimap ping | 3 |
| Esc | 2 |



| Peasant | 22 | 1650 | / | 0 |
| Flying Machine | 21 | 2100 | / | 630 |
| Mortar Team | 2 | 360 | / | 140 |
| total: | 45 | 4110g | / | 770w |
| Scout Tower | 34 | 1020 | / | 680 |
| Arcane Tower | 3 | 210 | / | 150 |
| Guard Tower | 17 | 1190 | / | 850 |
| Altar of Kings | 2 | 360 | / | 100 |
| Farm | 16 | 1280 | / | 320 |
| Lumber Mill | 2 | 240 | / | 0 |
| Town Hall | 1 | 385 | / | 205 |
| Blacksmith | 1 | 140 | / | 60 |
| Arcane Vault | 1 | 130 | / | 30 |
| Cannon Tower | 2 | 240 | / | 200 |
| Workshop | 3 | 420 | / | 420 |
| Gryphon Aviary | 1 | 140 | / | 150 |
| Keep | 1 | 320 | / | 210 |
| Castle | 1 | 360 | / | 210 |
| total: | 61 | 4115g | / | 1965w |
| 0:02 | Peasant |
| 0:05 | Peasant |
| 0:20 | Altar of Kings |
| 0:22 | Peasant |
| 0:34 | Farm |
| 0:35 | Peasant |
| 0:41 | Peasant |
| 0:55 | Lumber Mill |
| 0:59 | Peasant |
| 1:04 | Farm |
| 1:06 | Peasant |
| 1:13 | Peasant |
| 1:25 | Scout Tower |
| 1:27 | Peasant |
| 1:35 | Peasant |
| 1:50 | Scout Tower |
| 1:54 | Arcane Tower |
| 2:02 | Improved Lumber Harvesting |
| 2:03 | Peasant |
| 2:13 | Farm |
| 2:16 | Peasant |
| 2:30 | Arcane Tower |
| 2:31 | Scout Tower |
| 2:41 | Peasant |
| 2:49 | Scout Tower |
| 2:54 | Storm Bolt |
| 3:08 | Guard Tower |
| 3:09 | Scout Tower |
| 3:16 | Peasant |
| 3:18 | Peasant |
| 3:28 | Town Hall |
| 3:38 | Guard Tower |
| 3:39 | Scout Tower |
| 3:41 | Scout Tower |
| 3:42 | Scout Tower |
| 3:50 | Scout Tower |
| 3:55 | Guard Tower |
| 4:15 | Guard Tower |
| 4:27 | Guard Tower |
| 4:50 | Keep |
| 4:53 | Guard Tower |
| 4:55 | Scout Tower |
| 4:55 | Scout Tower |
| 4:56 | Scout Tower |
| 4:59 | Improved Masonry |
| 5:40 | Blacksmith |
| 6:01 | Guard Tower |
| 7:14 | Peasant |
| 7:14 | Peasant |
| 7:52 | Workshop |
| 8:08 | Scout Tower |
| 8:08 | Scout Tower |
| 8:25 | Black Gunpowder |
| 8:34 | Flying Machine |
| 8:34 | Flying Machine |
| 8:34 | Flying Machine |
| 8:37 | Castle |
| 8:38 | Guard Tower |
| 8:41 | Scout Tower |
| 8:42 | Scout Tower |
| 8:43 | Scout Tower |
| 9:06 | Workshop |
| 9:07 | Workshop |
| 9:09 | Guard Tower |
| 9:28 | Holy Light |
| 9:33 | Peasant |
| 9:34 | Peasant |
| 9:34 | Peasant |
| 9:34 | Peasant |
| 9:34 | Peasant |
| 9:38 | Flare |
| 9:39 | Refined Gunpowder |
| 9:55 | Iron Plating |
| 10:01 | Guard Tower |
| 10:05 | Scout Tower |
| 10:06 | Scout Tower |
| 10:07 | Scout Tower |
| 10:26 | Flak Cannons |
| 10:31 | Guard Tower |
| 10:33 | Scout Tower |
| 10:35 | Scout Tower |
| 10:36 | Scout Tower |
| 10:39 | Advanced Lumber Harvesting |
| 10:39 | Advanced Masonry |
| 11:02 | Flying Machine Bombs |
| 11:02 | Fragmentation Shards |
| 11:04 | Scout Tower |
| 11:07 | Scout Tower |
| 11:13 | Guard Tower |
| 11:25 | Farm |
| 11:26 | Farm |
| 11:26 | Farm |
| 11:27 | Farm |
| 11:36 | Lumber Mill |
| 11:48 | Guard Tower |
| 11:56 | Flying Machine |
| 11:56 | Flying Machine |
| 12:20 | Scout Tower |
| 12:29 | Scout Tower |
| 12:37 | Guard Tower |
| 12:44 | Scout Tower |
| 12:48 | Farm |
| 12:48 | Farm |
| 12:49 | Farm |
| 12:50 | Farm |
| 12:53 | Farm |
| 12:57 | Farm |
| 13:00 | Guard Tower |
| 13:05 | Imbued Masonry |
| 13:14 | Flying Machine |
| 13:14 | Flying Machine |
| 13:21 | Imbued Gunpowder |
| 13:22 | Steel Plating |
| 13:25 | Farm |
| 13:27 | Farm |
| 13:27 | Farm |
| 13:31 | Flying Machine |
| 13:31 | Flying Machine |
| 13:32 | Flying Machine |
| 13:36 | Guard Tower |
| 13:51 | Guard Tower |
| 14:17 | Mortar Team |
| 14:32 | Scout Tower |
| 14:36 | Mortar Team |
| 15:00 | Arcane Tower |
| 15:12 | Flying Machine |
| 15:12 | Flying Machine |
| 15:12 | Flying Machine |
| 15:12 | Flying Machine |
| 15:12 | Flying Machine |
| 16:21 | Cannon Tower |
| 16:24 | Scout Tower |
| 16:25 | Scout Tower |
| 16:25 | Scout Tower |
| 16:26 | Scout Tower |
| 16:26 | Scout Tower |
| 16:43 | Flying Machine |
| 16:43 | Flying Machine |
| 16:55 | Flying Machine |
| 18:10 | Cannon Tower |
| 18:48 | Altar of Kings |
| 19:35 | Bash |
| 19:36 | Bash |
| 22:17 | Divine Shield |
| 22:34 | Brilliance Aura |
| 23:02 | Gryphon Aviary |
| 23:08 | Arcane Vault |
| 23:11 | Flying Machine |
| 23:11 | Flying Machine |
| 23:11 | Flying Machine |
| 25:44 | Storm Bolt |
| Right click | 1291 |
| Select group | 597 |
| Select | 349 |
| Build/train/purchase | 112 |
| Use ability | 66 |
| Misc. action | 39 |
| Assign group | 20 |
| Minimap ping | 19 |
| Resource trade | 13 |
| Esc | 4 |
| Remove unit | 1 |
142 units @ 18.8k
/ 2.4k
77 buildings @ 13.4k
/ 5.9k



| Rod of Necromancy | 4 | 600 |
| Sacrificial Skull | 1 | 50 |
| Orb of Corruption | 1 | 375 |
| Scroll of Town Portal | 1 | 350 |
| Potion of Lesser Invulnerability | 1 | 150 |
| Staff of Preservation | 1 | 150 |
| Anti-magic Potion | 1 | 100 |
| total: | 10 | 1775g |
| Acolyte | 9 | 675 | / | 0 |
| Ghoul | 6 | 720 | / | 0 |
| Crypt Fiend | 7 | 1505 | / | 280 |
| Banshee | 6 | 930 | / | 180 |
| Obsidian Statue | 2 | 400 | / | 70 |
| Meat Wagon | 3 | 690 | / | 150 |
| Goblin Zeppelin | 1 | 240 | / | 60 |
| total: | 34 | 5160g | / | 740w |
| Nerubian Tower | 2 | 200 | / | 40 |
| Spirit Tower | 2 | 290 | / | 80 |
| Crypt | 1 | 200 | / | 50 |
| Graveyard | 1 | 215 | / | 0 |
| Altar of Darkness | 1 | 180 | / | 50 |
| Ziggurat | 13 | 1950 | / | 650 |
| Tomb of Relics | 1 | 130 | / | 30 |
| Necropolis | 5 | 1125 | / | 0 |
| Temple of the Damned | 3 | 465 | / | 420 |
| Slaughterhouse | 4 | 560 | / | 540 |
| Halls of the Dead | 2 | 640 | / | 420 |
| Black Citadel | 1 | 325 | / | 230 |
| total: | 29 | 4825g | / | 1740w |
| 0:02 | Acolyte |
| 0:10 | Crypt |
| 0:13 | Graveyard |
| 0:22 | Acolyte |
| 0:33 | Altar of Darkness |
| 0:47 | Ziggurat |
| 1:12 | Ghoul |
| 1:17 | Tomb of Relics |
| 1:38 | Crypt Fiend |
| 1:50 | Ziggurat |
| 2:01 | Acolyte |
| 2:10 | Crypt Fiend |
| 2:10 | Crypt Fiend |
| 2:38 | Rod of Necromancy |
| 2:45 | Death Coil |
| 2:54 | Crypt Fiend |
| 3:05 | Acolyte |
| 3:10 | Sacrificial Skull |
| 3:48 | Necropolis |
| 3:52 | Ziggurat |
| 3:55 | Unholy Aura |
| 4:12 | Ghoul |
| 4:18 | Rod of Necromancy |
| 4:32 | Ghoul |
| 4:35 | Acolyte |
| 4:46 | Nerubian Tower |
| 5:03 | Acolyte |
| 5:21 | Halls of the Dead |
| 5:24 | Acolyte |
| 5:34 | Death Coil |
| 6:02 | Acolyte |
| 6:30 | Ziggurat |
| 6:31 | Ziggurat |
| 6:41 | Crypt Fiend |
| 7:21 | Goblin Zeppelin |
| 8:10 | Black Citadel |
| 8:12 | Temple of the Damned |
| 8:13 | Temple of the Damned |
| 8:14 | Temple of the Damned |
| 8:18 | Ghoul |
| 8:18 | Ghoul |
| 8:18 | Ghoul |
| 9:14 | Slaughterhouse |
| 9:34 | Rod of Necromancy |
| 9:34 | Scroll of Town Portal |
| 9:43 | Crypt Fiend |
| 9:43 | Crypt Fiend |
| 9:45 | Burrow |
| 9:56 | Potion of Lesser Invulnerability |
| 10:21 | Banshee Adept Training |
| 10:22 | Banshee |
| 10:24 | Obsidian Statue |
| 10:24 | Obsidian Statue |
| 10:26 | Banshee |
| 10:35 | Orb of Corruption |
| 10:36 | Rod of Necromancy |
| 11:13 | Frost Nova |
| 11:15 | Ziggurat |
| 11:17 | Banshee |
| 11:18 | Banshee |
| 11:21 | Spirit Tower |
| 11:33 | Banshee Master Training |
| 11:40 | Black Arrow |
| 11:53 | Ziggurat |
| 11:55 | Ziggurat |
| 12:53 | Banshee |
| 12:53 | Banshee |
| 14:16 | Slaughterhouse |
| 14:21 | Slaughterhouse |
| 14:23 | Slaughterhouse |
| 14:53 | Staff of Preservation |
| 14:55 | Anti-magic Potion |
| 14:59 | Necropolis |
| 15:24 | Unholy Aura |
| 15:46 | Meat Wagon |
| 15:48 | Meat Wagon |
| 15:52 | Acolyte |
| 19:10 | Necropolis |
| 19:16 | Necropolis |
| 20:07 | Spirit Tower |
| 23:32 | Halls of the Dead |
| 23:35 | Necropolis |
| 25:23 | Ziggurat |
| 25:24 | Ziggurat |
| 25:25 | Ziggurat |
| 25:25 | Ziggurat |
| 25:26 | Ziggurat |
| 26:32 | Meat Wagon |
| Right click | 1472 |
| Select group | 1386 |
| Select | 560 |
| Misc. action | 136 |
| Assign group | 117 |
| Build/train/purchase | 106 |
| Use ability | 92 |
| Item give/drop | 6 |
| Minimap ping | 3 |
| Remove unit | 2 |
| Esc | 1 |


| Orb of Venom | 1 | 325 |
| Scroll of Town Portal | 1 | 350 |
| Circlet of Nobility | 1 | 175 |
| Staff of Teleportation | 2 | 300 |
| Boots of Speed | 1 | 250 |
| Potion of Lesser Invulnerability | 1 | 150 |
| total: | 7 | 1550g |
| Wisp | 18 | 1080 | / | 0 |
| Archer | 5 | 650 | / | 50 |
| Mountain Giant | 5 | 1750 | / | 500 |
| Chimaera | 3 | 990 | / | 210 |
| Goblin Zeppelin | 1 | 240 | / | 60 |
| total: | 32 | 4710g | / | 820w |
| Ancient Protector | 1 | 135 | / | 80 |
| Altar of Elders | 1 | 180 | / | 50 |
| Moon Well | 7 | 1260 | / | 280 |
| Ancient of War | 1 | 150 | / | 60 |
| Ancient of Wonders | 1 | 90 | / | 30 |
| Hunter's Hall | 1 | 210 | / | 100 |
| Tree of Life | 2 | 680 | / | 370 |
| Ancient of Lore | 1 | 155 | / | 145 |
| Chimaera Roost | 2 | 280 | / | 380 |
| Tree of Ages | 1 | 320 | / | 180 |
| Tree of Eternity | 1 | 330 | / | 200 |
| total: | 17 | 3140g | / | 1495w |
| 0:01 | Wisp |
| 0:09 | Altar of Elders |
| 0:10 | Moon Well |
| 0:13 | Wisp |
| 0:28 | Wisp |
| 0:43 | Ancient of War |
| 0:45 | Wisp |
| 0:56 | Wisp |
| 1:03 | Wisp |
| 1:14 | Wisp |
| 1:23 | Wisp |
| 1:34 | Moon Well |
| 1:44 | Archer |
| 1:57 | Wisp |
| 2:31 | Wisp |
| 2:31 | Wisp |
| 2:37 | Mana Burn |
| 3:01 | Tree of Ages |
| 3:10 | Ancient of Wonders |
| 3:22 | Evasion |
| 3:24 | Circlet of Nobility |
| 3:40 | Staff of Teleportation |
| 3:43 | Boots of Speed |
| 3:50 | Archer |
| 4:30 | Moon Well |
| 4:35 | Archer |
| 5:11 | Archer |
| 5:13 | Moon Well |
| 5:26 | Hunter's Hall |
| 5:39 | Archer |
| 6:05 | Tree of Eternity |
| 6:31 | Ancient of Lore |
| 7:14 | Cleaving Attack |
| 7:19 | Improved Bows |
| 7:45 | Mountain Giant |
| 8:17 | Mana Burn |
| 8:25 | Tree of Life |
| 8:29 | Hardened Skin |
| 8:34 | Wisp |
| 8:34 | Wisp |
| 9:01 | Chimaera Roost |
| 9:06 | Tree of Life |
| 9:19 | Mountain Giant |
| 9:28 | Chimaera Roost |
| 9:52 | Strength of the Wild |
| 10:22 | Potion of Lesser Invulnerability |
| 10:36 | Corrosive Breath |
| 11:10 | Chimaera |
| 11:13 | Moon Well |
| 11:17 | Rain of Fire |
| 11:29 | Resistant Skin |
| 11:35 | Reinforced Hides |
| 12:22 | Chimaera |
| 12:56 | Mountain Giant |
| 13:01 | Wisp |
| 13:01 | Wisp |
| 13:11 | Goblin Zeppelin |
| 14:17 | Wisp |
| 14:18 | Wisp |
| 14:18 | Wisp |
| 14:31 | Mountain Giant |
| 14:38 | Orb of Venom |
| 15:03 | Scroll of Town Portal |
| 15:18 | Moon Well |
| 15:38 | Moon Well |
| 16:57 | Chimaera |
| 17:35 | Mountain Giant |
| 19:31 | Staff of Teleportation |
| 19:41 | Ancient Protector |
| Right click | 1779 |
| Select | 627 |
| Select group | 356 |
| Misc. action | 164 |
| Assign group | 151 |
| Build/train/purchase | 101 |
| Use ability | 57 |
| Minimap ping | 8 |
| Item give/drop | 4 |
| Esc | 3 |
NicholasHau
(2)
(27:11) : 

| Lesser Clarity Potion | 5 | 350 |
| Orb of Venom | 2 | 650 |
| Staff of Preservation | 1 | 150 |
| Scroll of Town Portal | 2 | 700 |
| Boots of Speed | 2 | 500 |
| Scroll of Protection | 1 | 150 |
| total: | 13 | 2500g |
| Wisp | 29 | 1740 | / | 0 |
| Archer | 27 | 3510 | / | 270 |
| Hippogryph | 18 | 2880 | / | 360 |
| Goblin Shredder | 2 | 750 | / | 200 |
| total: | 76 | 8880g | / | 830w |
| Ancient Protector | 12 | 1620 | / | 960 |
| Altar of Elders | 1 | 180 | / | 50 |
| Moon Well | 6 | 1080 | / | 240 |
| Ancient of War | 4 | 600 | / | 240 |
| Ancient of Wonders | 1 | 90 | / | 30 |
| Hunter's Hall | 1 | 210 | / | 100 |
| Tree of Life | 4 | 1360 | / | 740 |
| Ancient of Wind | 2 | 300 | / | 280 |
| Tree of Ages | 3 | 960 | / | 540 |
| Tree of Eternity | 4 | 1320 | / | 800 |
| total: | 31 | 5440g | / | 2640w |
| 0:02 | Wisp |
| 0:02 | Wisp |
| 0:05 | Altar of Elders |
| 0:18 | Moon Well |
| 0:31 | Wisp |
| 0:43 | Ancient of War |
| 0:47 | Wisp |
| 0:47 | Wisp |
| 0:47 | Wisp |
| 0:52 | Wisp |
| 0:52 | Wisp |
| 0:58 | Wisp |
| 1:15 | Wisp |
| 1:33 | Moon Well |
| 1:48 | Archer |
| 1:51 | Wisp |
| 1:51 | Wisp |
| 2:00 | Ancient of Wonders |
| 2:07 | Force of Nature |
| 2:25 | Archer |
| 2:27 | Wisp |
| 2:43 | Archer |
| 2:58 | Tree of Ages |
| 3:24 | Entangling Roots |
| 3:31 | Archer |
| 3:42 | Boots of Speed |
| 4:29 | Archer |
| 4:34 | Hunter's Hall |
| 4:59 | Moon Well |
| 5:03 | Archer |
| 5:10 | Lesser Clarity Potion |
| 5:28 | Improved Bows |
| 5:43 | Ultravision |
| 6:09 | Archer |
| 6:17 | Tree of Life |
| 6:21 | Force of Nature |
| 6:26 | Ancient of Wind |
| 6:34 | Lesser Clarity Potion |
| 6:46 | Ancient of Wind |
| 6:52 | Trueshot Aura |
| 7:22 | Goblin Shredder |
| 7:23 | Goblin Shredder |
| 7:45 | Hippogryph |
| 7:57 | Archer |
| 8:11 | Moon Well |
| 8:30 | Wisp |
| 8:30 | Wisp |
| 8:35 | Hippogryph |
| 8:36 | Hippogryph |
| 8:36 | Hippogryph |
| 8:48 | Strength of the Moon |
| 8:49 | Improved Strength of the Moon |
| 9:05 | Hippogryph |
| 9:25 | Hippogryph |
| 9:29 | Hippogryph |
| 9:29 | Hippogryph |
| 9:39 | Moon Well |
| 9:56 | Tree of Eternity |
| 9:57 | Tree of Eternity |
| 10:15 | Hippogryph |
| 10:17 | Advanced Strength of the Moon |
| 10:39 | Archer |
| 10:39 | Archer |
| 10:41 | Hippogryph |
| 11:33 | Boots of Speed |
| 11:37 | Scroll of Protection |
| 11:42 | Archer |
| 11:43 | Archer |
| 11:43 | Archer |
| 12:23 | Well Spring |
| 12:29 | Marksmanship |
| 12:34 | Searing Arrows |
| 13:03 | Moon Well |
| 13:04 | Moon Armor |
| 13:04 | Improved Moon Armor |
| 13:05 | Advanced Moon Armor |
| 13:18 | Orb of Venom |
| 13:20 | Staff of Preservation |
| 13:20 | Lesser Clarity Potion |
| 13:21 | Lesser Clarity Potion |
| 13:32 | Archer |
| 13:50 | Hippogryph |
| 13:50 | Hippogryph |
| 14:14 | Archer |
| 14:15 | Hippogryph |
| 14:31 | Ancient of War |
| 15:02 | Archer |
| 15:04 | Hippogryph |
| 15:08 | Nature's Blessing |
| 15:11 | Wisp |
| 15:28 | Archer |
| 15:28 | Hippogryph |
| 16:01 | Archer |
| 16:03 | Hippogryph |
| 17:09 | Hippogryph |
| 17:09 | Hippogryph |
| 17:13 | Strength of the Wild |
| 17:13 | Improved Strength of the Wild |
| 17:24 | Orb of Venom |
| 17:32 | Wisp |
| 17:32 | Wisp |
| 17:32 | Wisp |
| 17:42 | Tree of Life |
| 17:57 | Scroll of Town Portal |
| 18:21 | Archer |
| 18:23 | Archer |
| 18:25 | Archer |
| 18:25 | Archer |
| 18:57 | Archer |
| 19:14 | Archer |
| 19:43 | Wisp |
| 19:55 | Ancient Protector |
| 19:56 | Ancient Protector |
| 19:58 | Ancient Protector |
| 19:59 | Wisp |
| 19:59 | Wisp |
| 19:59 | Wisp |
| 20:11 | Ancient Protector |
| 20:12 | Ancient Protector |
| 20:13 | Ancient Protector |
| 20:14 | Wisp |
| 20:14 | Wisp |
| 20:15 | Wisp |
| 20:31 | Ancient of War |
| 20:32 | Wisp |
| 20:32 | Wisp |
| 21:00 | Ancient of War |
| 21:22 | Ancient Protector |
| 21:23 | Ancient Protector |
| 21:24 | Archer |
| 21:24 | Archer |
| 23:04 | Tree of Life |
| 23:10 | Ancient Protector |
| 23:14 | Ancient Protector |
| 23:31 | Scroll of Town Portal |
| 24:45 | Archer |
| 24:53 | Ancient Protector |
| 25:46 | Ancient Protector |
| 25:55 | Wisp |
| 26:18 | Lesser Clarity Potion |
| 26:32 | Tree of Life |
| Right click | 1484 |
| Select group | 597 |
| Select | 558 |
| Build/train/purchase | 186 |
| Misc. action | 77 |
| Use ability | 59 |
| Assign group | 54 |
| Resource trade | 15 |
| Minimap ping | 8 |
| Item give/drop | 7 |
⇛